 Dungeon Crawl Stone Soup version 0.19-a0-1540-g35a11b8 (webtiles) character file.

543 PurpleRed the Conjurer (level 7, 0/36 HPs)
             Began as a Deep Elf Conjurer on Sept 14, 2016.
             Slain by a gnoll
             ... wielding a +2 spear of venom
              (11 damage)
             ... on level 6 of the Dungeon.
             The game lasted 00:12:16 (1426 turns).

PurpleRed the Conjurer (Deep Elf Conjurer)          Turns: 1426, Time: 00:12:16

Health: 0/36       AC:  3    Str:  5    XL:     7   Next: 6%
Magic:  3/18       EV: 13    Int: 22    God:
Gold:   130        SH:  0    Dex: 15    Spells: 4 memorised, 6 levels left

rFire  . . .     SeeInvis .     r - +0 broad axe
rCold  + . .     Gourm    .     a - +1 robe
rNeg   . . .     Faith    .     (no shield)
rPois  .         Spirit   .     (no helmet)
rElec  .         Dismiss  .     (no cloak)
rCorr  .         Reflect  .     (no gloves)
MR     .....     Harm     .     (no boots)
Stlth  ++........               (no amulet)
                                (no ring)
                                h - ring of protection from cold

@: lethally poisoned (0 -> -6)
A: no striking features
a: no special abilities


You were on level 6 of the Dungeon.
You were not hungry.

You visited 1 branch of the dungeon, and saw 6 of its levels.

You collected 130 gold pieces.

Inventory:

Hand Weapons
 g - a +0 short sword
 k - a +0 club
 o - a +0 flail of holy wrath
 r - a +0 broad axe (weapon)
Missiles
 d - 29 sling bullets
 f - a throwing net (quivered)
 w - 2 tomahawks
Armour
 a - a +1 robe (worn)
Jewellery
 h - a ring of protection from cold (left hand)
Scrolls
 l - a scroll of enchant armour
 n - 2 scrolls of identify
 s - 2 scrolls of recharging
Potions
 e - 3 potions of curing
 i - 2 potions of lignification
 m - a potion of agility
 p - a potion of brilliance {unknown}
 t - a potion of beneficial mutation {unknown}
 u - a potion of resistance {unknown}
 v - a potion of haste {unknown}
Books
 b - a book of Conjurations

   Spells                             Type                      Level
   a - Magic Dart                     Conjuration                  1
   b - Searing Ray                    Conjuration                  2
   c - Dazzling Spray                 Conjuration/Hexes            3
   d - Fulminant Prism                Conjuration/Hexes            4
   e - Iskenderun's Mystic Blast      Conjuration                  4
   f - Iskenderun's Battlesphere      Conjuration/Charms           5
Comestibles
 c - 4 bread rations
 j - a royal jelly
 q - a meat ration
 x - a chunk of flesh


   Skills:
 - Level 2.4 Dodging
 - Level 2.4 Stealth
 + Level 6.3 Spellcasting
 * Level 7.8 Conjurations
 + Level 2.4 Charms


You had 6 spell levels left.
You knew the following spells:

 Your Spells              Type           Power        Failure   Level  Hunger
a - Magic Dart            Conj           ####         1%          1    None
b - Searing Ray           Conj           #####.       1%          2    None
c - Iskenderun's Mystic   Conj           #####...     4%          4    ###....
d - Iskenderun's Battles  Conj/Chrm      ####....     34%         5    #####..


Dungeon Overview and Level Annotations

Branches:
Dungeon (6/15)
 Temple: D:4-7

Altars:
Trog
Zin

Annotations:
D:5 Eustachio; monkeypoo's ghost, novice DsGl


Message History

The gnoll shaman is almost dead.
You finish channeling your searing ray.
The gnoll shaman utters an invocation to its god.
The gnoll shaman is healed somewhat.
Casting: Searing Ray
Confirm with . or Enter, or press ? or * to list all spells.
Aiming: Searing Ray
Press: ? - help, Shift-Dir - straight line, f/p - gnoll shaman
Aim: a gnoll shaman, wielding a club and wearing a leather armour (severely wounded)
The searing ray hits the gnoll shaman.
The gnoll shaman is severely wounded.
The gnoll hits you but does no damage.
You are poisoned.
The gnoll shaman invokes the aid of its god against you.
You easily resist.
The gnoll barely misses you.
The searing ray hits the gnoll shaman.
The gnoll shaman is almost dead.
You feel sick.
The gnoll hits you from afar with a spear of venom!
You die...

#..................#.... #..
########.###g.#..#..##..##.#
#........###g.########### #
##...<#...'@...#
#....'...#....#
####..##..##....#
#..#..#####.....# #......#
#....## #......# ######
####..## ####


You could see a gnoll shaman and 2 gnolls.

Vanquished Creatures
  A giant frog (D:6)
  A howler monkey (D:4)
  A crimson imp (D:5)
  2 hounds
  A giant frog skeleton (D:6)
  An orc priest (D:4)
  An orc wizard (D:4)
  Jessica (D:2)
  3 worker ants
  5 gnolls
  5 adders
  An ooze (D:5)
  2 worms (D:6)
  A giant gecko (D:6)
  6 orcs (D:4)
  3 bats (D:2)
  A giant cockroach (D:3)
  3 goblins
  5 hobgoblins
  9 jackals
  4 quokkas
  A giant gecko zombie (D:6)
  4 kobolds
  8 rats (D:2)
70 creatures vanquished.

Notes
Turn   | Place    | Note
-------+----------+-------------------------------------------
     0 | D:1      | PurpleRed the Deep Elf Conjurer began the quest for the Orb.
     0 | D:1      | Reached XP level 1. HP: 10/10 MP: 6/6
   210 | D:2      | Reached XP level 2. HP: 15/15 MP: 2/8
   214 | D:2      | Learned a level 2 spell: Searing Ray
   301 | D:2      | Reached skill level 5 in Conjurations
   344 | D:2      | Reached XP level 3. HP: 19/19 MP: 1/10
   347 | D:2      | Found a glowing silver altar of Zin.
   368 | D:2      | Noticed Jessica
   443 | D:2      | Killed Jessica
   447 | D:2      | Reached XP level 4. HP: 7/24 MP: 0/12
   621 | D:3      | Reached skill level 6 in Conjurations
   637 | D:3      | Found a bloodstained altar of Trog.
   723 | D:5      | Entered Level 5 of the Dungeon
   750 | D:5      | Reached XP level 5. HP: 21/28 MP: 2/14
   806 | D:4      | Reached skill level 5 in Spellcasting
  1018 | D:4      | Reached skill level 7 in Conjurations
  1018 | D:4      | Reached XP level 6. HP: 30/32 MP: 4/16
  1094 | D:5      | Noticed Eustachio
  1104 | D:4      | Learned a level 4 spell: Iskenderun's Mystic Blast
  1110 | D:4      | Learned a level 5 spell: Iskenderun's Battlesphere
  1238 | D:5      | Noticed monkeypoo's ghost (novice DsGl)
  1267 | D:6      | Reached skill level 1 in Charms
  1368 | D:6      | Reached XP level 7. HP: 26/36 MP: 9/18
  1426 | D:6      | Slain by a gnoll

Vault maps used:
D:1:      lemuel_arrival_muddy
D:2:      zin_scriptorium, minmay_rat_gold_closets, uniq_jessica
D:3:      lemuel_crystal_altar, first_bread
D:5:      uniq_eustachio
D:6:      uniq_pikel

Skill      XL: |  1  2  3  4  5  6 |
---------------+-------------------+-----
Conjurations   | 5 6 7 |  7.8
Spellcasting   | 4 5 6 |  6.3
Charms         | 2 |  2.4
Dodging        | |  2.4
Stealth        | |  2.4

Action                   |  1- 3 |  4- 6 |  7- 9 || total
-------------------------+-------+-------+-------++-------
Melee: Short sword       |    16 |     3 |       ||    19
       Whip              |       |     9 |       ||     9
       Broad axe         |       |     9 |     1 ||    10
 Cast: Magic Dart        |    36 |    45 |     1 ||    82
       Searing Ray       |     1 |    16 |     3 ||    20
  Use: Scroll            |       |     7 |       ||     7
       Potion            |       |       |     1 ||     1
 Stab: Sleeping          |       |     1 |       ||     1
  Eat: Chunk             |       |     1 |     1 ||     2
Armor: Robe              |     4 |     4 |     1 ||     9
Dodge: Dodged            |    17 |    39 |     5 ||    61
